TL
EL PASO CHIHUAHUAS @ EL PASO SUN KINGS
05/23/1982
 
TOP OF THE 1ST
El Paso Chihuahuas batting - Pitching for El Paso Sun Kings : LHP Michael Tulacz
Pitching: LHP Michael Tulacz
Batting: RHB Steven Murray 0-0: Called Strike
0-1: Foul Ball, location: 2F
0-2: Foul Ball, location: 2F
0-2: Ball
1-2: Foul Ball, location: 2F
1-2: Ball
2-2: Foul Ball, location: 2F
2-2: Ball
3-2: Fly out, F8 (Line Drive, 8RD, EV 95.6 MPH)
Batting: LHB Andy Van Slyke 0-0: Ball
1-0: Swinging Strike
1-1: Foul Ball, location: 2F
1-2: Foul Ball, location: 2F
1-2: Ball
2-2: Ground out 4-3 (Groundball, 4, EV 101.3 MPH)
Batting: RHB Jesse Vann 0-0: Ball
1-0: Foul Ball, location: 2F
1-1: Ball
2-1: Foul Ball, location: 2F
2-2: Ball
3-2: Base on Balls
Batting: RHB Bill Lyons 0-0: Ball
1-0: Called Strike
1-1: Ball
2-1: Called Strike
2-2: Fielders Choice at 2nd, 6-4 (Groundball, 6, EV 107.5 MPH)
Top of the 1st over - 0 runs, 0 hits, 0 errors, 1 left on base; El Paso 0 - El Paso 0
BOTTOM OF THE 1ST
El Paso Sun Kings batting - Pitching for El Paso Chihuahuas : RHP Alejandro Pena
Pitching: RHP Alejandro Pena
Batting: LHB Stanley Hendrickson 0-0: Ball
1-0: Ball
2-0: Ball
3-0: Base on Balls
Batting: LHB Franklin Lopez 0-0: Ball
1-0: Ball
2-0: Called Strike
2-1: Ball
3-1: Base on Balls
Stanley Hendrickson to second
Batting: LHB Scott Bradley 0-0: Called Strike
0-1: Ball
1-1: Fly out, F5 (Line Drive, 5, EV 65.0 MPH)
Batting: RHB Chuckie Canady 0-0: Fly out, F8 (Line Drive, 8LD, EV 96.3 MPH)
Batting: RHB Jon Hansen 0-0: Ball
1-0: Called Strike
1-1: Ball
2-1: Swinging Strike
2-2: Ball
3-2: Foul Ball, location: 2F
3-2: Base on Balls
Stanley Hendrickson to third
Franklin Lopez to second
Pitching: RHP Tom Smith
Batting: SHB Danny Torres 0-0: SINGLE (Groundball, 6MS, EV 66.3 MPH) (infield hit)
Stanley Hendrickson scores
Franklin Lopez to third
Jon Hansen to second
Batting: LHB Chuck Sandberg 0-0: Called Strike
0-1: Swinging Strike
0-2: Strikes out swinging
Bottom of the 1st over - 1 run, 1 hit, 0 errors, 3 left on base; El Paso 0 - El Paso 1
TOP OF THE 2ND
El Paso Chihuahuas batting - Pitching for El Paso Sun Kings : LHP Michael Tulacz
Batting: LHB Dan Murphy 0-0: Called Strike
0-1: Foul Ball, location: 2F
0-2: Ground out 4-3 (Groundball, 4, EV 82.5 MPH)
Batting: RHB Tom Roarke 0-0: Ball
1-0: Called Strike
1-1: Fly out, F9 (Flyball, 9LM, EV 94.4 MPH)
Batting: RHB Leo George 0-0: Foul Ball, location: 2F
0-1: Called Strike
0-2: Ground out 6-3 (Groundball, 6M, EV 94.4 MPH)
Top of the 2nd over - 0 runs, 0 hits, 0 errors, 0 left on base; El Paso 0 - El Paso 1
BOTTOM OF THE 2ND
El Paso Sun Kings batting - Pitching for El Paso Chihuahuas : RHP Tom Smith
Batting: RHB Michael Hanson 0-0: Foul Ball, location: 2F
0-1: SOLO HOME RUN (Flyball, 7D, EV 107.5 MPH), Distance : 370 ft
Batting: RHB Carlos Rios 0-0: Called Strike
0-1: Swinging Strike
0-2: Ground out 3-1 (Groundball, 34, EV 87.5 MPH)
Batting: LHB Stanley Hendrickson 0-0: Foul Ball, location: 2F
0-1: Foul Ball, location: 2F
0-2: Ground out U3 (Groundball, 34, EV 86.3 MPH)
Batting: LHB Franklin Lopez 0-0: Ball
1-0: Foul Ball, location: 2F
1-1: SINGLE (Groundball, 4MD, EV 103.8 MPH)
Batting: LHB Scott Bradley 0-0: Ball
1-0: Ball
2-0: Ball
3-0: Called Strike
3-1: Foul Ball, location: 2F
3-2: Ground out 5-3 (Groundball, 5, EV 86.3 MPH)
Bottom of the 2nd over - 1 run, 2 hits, 0 errors, 1 left on base; El Paso 0 - El Paso 2
TOP OF THE 3RD
El Paso Chihuahuas batting - Pitching for El Paso Sun Kings : LHP Michael Tulacz
Batting: RHB William Parmenter 0-0: Called Strike
0-1: Foul Ball, location: 2F
0-2: Ball
1-2: Strikes out looking
Batting: RHB Cliff Wherry 0-0: Called Strike
0-1: SINGLE (Groundball, 56S, EV 72.5 MPH) (infield hit)
Batting: RHB Steven Murray 0-0: Ball
1-0: Ball
2-0: Ball
3-0: Called Strike
3-1: Called Strike
3-2: Grounds into double play, 5-4-3 (Groundball, 56, EV 76.9 MPH)
Top of the 3rd over - 0 runs, 1 hit, 0 errors, 0 left on base; El Paso 0 - El Paso 2
BOTTOM OF THE 3RD
El Paso Sun Kings batting - Pitching for El Paso Chihuahuas : RHP Tom Smith
Batting: RHB Chuckie Canady 0-0: Called Strike
0-1: Ball
1-1: Foul Ball, location: 2F
1-2: Ball
2-2: Foul Ball, location: 2F
2-2: Ball
3-2: SOLO HOME RUN (Flyball, 7LD, EV 97.5 MPH), Distance : 352 ft
Batting: RHB Jon Hansen 0-0: Ball
1-0: Called Strike
1-1: Ball
2-1: Ball
3-1: Foul Ball, location: 2F
3-2: Base on Balls
Batting: SHB Danny Torres 0-0: Called Strike
Jon Hansen steals 2nd base
0-1: Swinging Strike
0-2: Ground out 4-3 (Groundball, 4, EV 78.8 MPH)
Jon Hansen to third
Batting: LHB Chuck Sandberg 0-0: Foul Ball, location: 2F
0-1: Ball
1-1: Called Strike
1-2: Foul Ball, location: 2F
1-2: Ball
2-2: Ball
3-2: Base on Balls
Batting: RHB Michael Hanson 0-0: Swinging Strike
0-1: Foul Ball, location: 2F
0-2: Foul Ball, location: 2F
0-2: Ball
1-2: Foul Ball, location: 2F
1-2: Fly out, F7 (Flyball, 78D, EV 102.5 MPH)
Runner from 3rd tags up, SCORES, no throw by LF
Batting: RHB Carlos Rios 0-0: Ball
1-0: Ball
2-0: SINGLE (Groundball, 6M, EV 103.8 MPH) (infield hit)
Chuck Sandberg to second
Batting: LHB Stanley Hendrickson 0-0: Ball
1-0: Ball
2-0: 3-RUN HOME RUN (Flyball, 9D, EV 88.8 MPH), Distance : 366 ft
Batting: LHB Franklin Lopez 0-0: Called Strike
0-1: Ball
1-1: Ball
2-1: Foul Ball, location: 2F
2-2: Ball
3-2: Base on Balls
Pitching: RHP Manuel Adams
Batting: LHB Scott Bradley 0-0: Called Strike
0-1: Fly out, F6 (Flyball, 5D, EV 95.0 MPH)
Bottom of the 3rd over - 5 runs, 3 hits, 0 errors, 1 left on base; El Paso 0 - El Paso 7
TOP OF THE 4TH
El Paso Chihuahuas batting - Pitching for El Paso Sun Kings : LHP Michael Tulacz
Batting: LHB Andy Van Slyke 0-0: Ball
1-0: Foul Ball, location: 2F
1-1: Ball
2-1: Ball
3-1: Base on Balls
Batting: RHB Jesse Vann 0-0: Swinging Strike
0-1: Ball
1-1: Foul Ball, location: 2F
1-2: Ball
2-2: Foul Ball, location: 2F
2-2: Strikes out swinging
Batting: RHB Bill Lyons 0-0: Ball
1-0: SINGLE (Line Drive, 9LS, EV 109.4 MPH)
Andy Van Slyke to second
Batting: LHB Dan Murphy 0-0: Foul Ball, location: 2F
0-1: Called Strike
0-2: Fly out, F7 (Flyball, 7, EV 88.1 MPH)
Batting: RHB Tom Roarke 0-0: Ball
1-0: Ball
2-0: Ball
3-0: Called Strike
3-1: DOUBLE (Line Drive, 89M, EV 108.1 MPH)
Andy Van Slyke scores
Bill Lyons to third
Runner from 3rd tries for Home, SAFE, throw by RF to trailing runner, SAFE at third!
Batting: RHB Leo George 0-0: 2-RUN HOME RUN (Flyball, 78XD, EV 101.3 MPH), Distance : 399 ft
Batting: RHB William Parmenter 0-0: Ball
1-0: Ball
2-0: Foul Ball, location: 2F
2-1: Swinging Strike
2-2: Foul Ball, location: 2F
2-2: Ball
3-2: Strikes out looking
Top of the 4th over - 4 runs, 3 hits, 0 errors, 0 left on base; El Paso 4 - El Paso 7
BOTTOM OF THE 4TH
El Paso Sun Kings batting - Pitching for El Paso Chihuahuas : RHP Manuel Adams
Batting: RHB Chuckie Canady 0-0: Called Strike
0-1: Ball
1-1: Ground out 6-3 (Groundball, 6, EV 85.0 MPH)
Batting: RHB Jon Hansen 0-0: Ball
1-0: Ground out 6-3 (Groundball, 6, EV 101.9 MPH)
Batting: SHB Danny Torres 0-0: Ball
1-0: Foul Ball, location: 2F
1-1: Foul Ball, location: 2F
1-2: Ground out 4-3 (Groundball, 4, EV 106.3 MPH)
Bottom of the 4th over - 0 runs, 0 hits, 0 errors, 0 left on base; El Paso 4 - El Paso 7
TOP OF THE 5TH
El Paso Chihuahuas batting - Pitching for El Paso Sun Kings : LHP Michael Tulacz
Batting: RHB Cliff Wherry 0-0: Foul Ball, location: 2F
0-1: Foul Ball, location: 2F
0-2: Foul Ball, location: 2F
0-2: Ground out 5-3 (Groundball, 56, EV 81.9 MPH)
Batting: RHB Steven Murray 0-0: Ball
1-0: Foul Ball, location: 2F
1-1: Foul Ball, location: 2F
1-2: Ball
2-2: Ball
3-2: Foul Ball, location: 2F
3-2: Strikes out swinging
Batting: LHB Andy Van Slyke 0-0: Ball
1-0: SINGLE (Line Drive, 8LS, EV 91.3 MPH)
Batting: RHB Jesse Vann 0-0: SINGLE (Line Drive, 9LS, EV 104.4 MPH)
Andy Van Slyke to second
Batting: RHB Bill Lyons 0-0: Ball
1-0: Called Strike
1-1: Ball
2-1: Ball
3-1: Ground out 4-3 (Groundball, 4, EV 86.9 MPH)
Top of the 5th over - 0 runs, 2 hits, 0 errors, 2 left on base; El Paso 4 - El Paso 7
BOTTOM OF THE 5TH
El Paso Sun Kings batting - Pitching for El Paso Chihuahuas : RHP Manuel Adams
Batting: LHB Chuck Sandberg 0-0: DOUBLE (Line Drive, 7LD, EV 106.9 MPH)
Batting: RHB Michael Hanson 0-0: Foul Ball, location: 2F
0-1: Fly out, F6 (Flyball, 5D, EV 97.5 MPH)
Batting: RHB Carlos Rios 0-0: SINGLE (Flyball, 8LS, EV 96.9 MPH)
Chuck Sandberg to third
Runner from 3rd tries for Home, SAFE, throw by CF to home
Batting: LHB Stanley Hendrickson 0-0: Ball
1-0: Ball
2-0: Ball
3-0: Base on Balls
Carlos Rios to second
Batting: LHB Franklin Lopez 0-0: Ball
Carlos Rios is caught stealing 3rd base 2-5
Stanley Hendrickson to second
1-0: Foul Ball, location: 2F
1-1: Called Strike
1-2: SINGLE (Groundball, 34D, EV 108.8 MPH)
Stanley Hendrickson to third
Runner from 3rd tries for Home, SAFE, throw by RF to home
Franklin Lopez to second
Batting: LHB Scott Bradley 0-0: Ground out 6-3 (Groundball, 6, EV 90.6 MPH)
Bottom of the 5th over - 2 runs, 3 hits, 0 errors, 1 left on base; El Paso 4 - El Paso 9
TOP OF THE 6TH
El Paso Chihuahuas batting - Pitching for El Paso Sun Kings : LHP Michael Tulacz
Batting: LHB Dan Murphy 0-0: SINGLE (Groundball, 34D, EV 96.3 MPH)
Batting: RHB Tom Roarke 0-0: Called Strike
0-1: Fly out, F8 (Flyball, 8RD, EV 105.0 MPH)
Batting: RHB Leo George 0-0: Ball
Dan Murphy steals 2nd, throwing error, E2
Dan Murphy to third
1-0: Called Strike
1-1: Reached on error, E1 (Groundball, 15S, EV 65.0 MPH)
Dan Murphy scores
Batting: RHB William Parmenter 0-0: Ball
1-0: Fly out, F4 (Line Drive, 4, EV 68.1 MPH)
Batting: RHB Cliff Wherry 0-0: Called Strike
0-1: Ball
1-1: Swinging Strike
1-2: Ball
2-2: Ball
3-2: Base on Balls
Leo George to second
Pitching: RHP Dave Shipanoff
Batting: RHB Steven Murray 0-0: Called Strike
0-1: Ball
1-1: Foul Ball, location: 2F
1-2: Strikes out swinging
Top of the 6th over - 1 run, 1 hit, 2 errors, 2 left on base; El Paso 5 - El Paso 9
BOTTOM OF THE 6TH
El Paso Sun Kings batting - Pitching for El Paso Chihuahuas : RHP Manuel Adams
Batting: RHB Chuckie Canady 0-0: Foul Ball, location: 2F
0-1: Ball
1-1: DOUBLE (Line Drive, 9D, EV 101.9 MPH)
Batting: RHB Jon Hansen 0-0: Called Strike
0-1: Ball
Chuckie Canady steals 3rd base
1-1: DOUBLE (Line Drive, 9LS, EV 93.1 MPH)
Chuckie Canady scores
Batting: SHB Danny Torres 0-0: Ball
1-0: Called Strike
1-1: Ball
2-1: Foul Ball, location: 2F
2-2: Foul Ball, location: 2F
2-2: Ground out 6-3 (Groundball, 6, EV 81.3 MPH)
Jon Hansen to third
Batting: LHB Chuck Sandberg 0-0: Called Strike
0-1: 2-RUN HOME RUN (Flyball, 89XD, EV 108.1 MPH), Distance : 422 ft
Batting: RHB Michael Hanson 0-0: SINGLE (Line Drive, 8RS, EV 87.5 MPH)
Batting: RHB Carlos Rios 0-0: Called Strike
0-1: Fly out, F7 (Flyball, 7LM, EV 104.4 MPH)
Batting: LHB Stanley Hendrickson 0-0: Ball
Michael Hanson steals 2nd base
1-0: Called Strike
1-1: SINGLE (Groundball, 4MS, EV 62.5 MPH) (infield hit)
Michael Hanson to third
Batting: LHB Franklin Lopez 0-0: Ball
1-0: Ball
2-0: Called Strike
2-1: SINGLE (Groundball, 4MD, EV 96.3 MPH)
Michael Hanson scores
Stanley Hendrickson to second
Batting: LHB Scott Bradley 0-0: DOUBLE (Groundball, 3L, EV 108.8 MPH)
Stanley Hendrickson scores
Franklin Lopez to third
Runner from 3rd tries for Home, SAFE, no throw by RF
Pitching: RHP Jerry Littmann
Batting: RHB Chuckie Canady 0-0: Foul Ball, location: 2F
0-1: Fly out, F8 (Flyball, 89M, EV 94.4 MPH)
Bottom of the 6th over - 6 runs, 7 hits, 0 errors, 1 left on base; El Paso 5 - El Paso 15
TOP OF THE 7TH
El Paso Chihuahuas batting - Pitching for El Paso Sun Kings : RHP Dave Shipanoff
Batting: LHB Andy Van Slyke 0-0: Ball
1-0: Called Strike
1-1: Foul Ball, location: 2F
1-2: Strikes out looking
Pinch Hitting: LHB Rick DeLoach 0-0: Foul Ball, location: 2F
0-1: Ball
1-1: Ground out 4-3 (Groundball, 34D, EV 85.0 MPH)
Batting: RHB Bill Lyons 0-0: Foul Ball, location: 2F
0-1: Swinging Strike
0-2: Strikes out looking
Top of the 7th over - 0 runs, 0 hits, 0 errors, 0 left on base; El Paso 5 - El Paso 15
BOTTOM OF THE 7TH
El Paso Sun Kings batting - Pitching for El Paso Chihuahuas : RHP Jerry Littmann
Now in CF: Julio Acevedo
Batting: RHB Jon Hansen 0-0: Foul Ball, location: 2F
0-1: Fly out, F8 (Flyball, 78XD, EV 76.9 MPH)
Pinch Hitting: RHB Bradley Baker 0-0: Called Strike
0-1: Ball
1-1: Ball
2-1: Ball
3-1: Fly out, F3 (Popup, 3F, EV 67.5 MPH)
Batting: LHB Chuck Sandberg 0-0: Ball
1-0: Foul Ball, location: 2F
1-1: Ball
2-1: Ball
3-1: DOUBLE (Line Drive, 7LM, EV 105.0 MPH)
Batting: RHB Michael Hanson 0-0: Called Strike
0-1: Foul Ball, location: 2F
0-2: Ball
1-2: Ball
2-2: Ground out U3 (Groundball, 34S, EV 66.9 MPH)
Bottom of the 7th over - 0 runs, 1 hit, 0 errors, 1 left on base; El Paso 5 - El Paso 15
TOP OF THE 8TH
El Paso Chihuahuas batting - Pitching for El Paso Sun Kings : RHP Dave Shipanoff
Now at SS: Bradley Baker
Batting: LHB Dan Murphy 0-0: Called Strike
0-1: Ball
1-1: Ground out U3 (Groundball, 3S, EV 90.0 MPH)
Batting: RHB Tom Roarke 0-0: Ball
1-0: Called Strike
1-1: Ball
2-1: Foul Ball, location: 2F
2-2: Ball
3-2: Strikes out swinging
Batting: RHB Leo George 0-0: Ball
1-0: SINGLE (Line Drive, 56D, EV 103.8 MPH)
Batting: RHB William Parmenter 0-0: Ball
1-0: Foul Ball, location: 2F
1-1: Ball
2-1: Ball
3-1: Base on Balls
Leo George to second
Batting: RHB Cliff Wherry 0-0: Called Strike
0-1: Called Strike
0-2: SINGLE (Line Drive, 8LS, EV 105.0 MPH)
Leo George to third
William Parmenter to second
Batting: RHB Steven Murray 0-0: Foul Ball, location: 2F
0-1: Ball
1-1: Foul Ball, location: 2F
1-2: Strikes out swinging
Top of the 8th over - 0 runs, 2 hits, 0 errors, 3 left on base; El Paso 5 - El Paso 15
BOTTOM OF THE 8TH
El Paso Sun Kings batting - Pitching for El Paso Chihuahuas : RHP Jerry Littmann
Batting: RHB Carlos Rios 0-0: Called Strike
0-1: Swinging Strike
0-2: Foul Ball, location: 2F
0-2: Fly out, F6 (Flyball, 56D, EV 93.8 MPH)
Batting: LHB Stanley Hendrickson 0-0: Ball
1-0: Ball
2-0: Swinging Strike
2-1: Called Strike
2-2: Foul Ball, location: 2F
2-2: Ball
3-2: Base on Balls
Batting: LHB Franklin Lopez 0-0: Ball
1-0: Foul Ball, location: 2F
1-1: Ball
2-1: DOUBLE (Flyball, 8RXD, EV 96.9 MPH)
Stanley Hendrickson to third
Runner from 3rd tries for Home, SAFE, throw by CF to trailing runner, SAFE at third!
Batting: LHB Scott Bradley 0-0: Fly out, F9 (Line Drive, 9, EV 100.0 MPH)
Batting: RHB Chuckie Canady 0-0: Ball
1-0: Foul Ball, location: 2F
1-1: Ball
2-1: Foul Ball, location: 2F
2-2: Hit by Pitch
Batting: RHB Jon Hansen 0-0: Ball
1-0: Called Strike
1-1: Foul Ball, location: 2F
1-2: Foul Ball, location: 2F
1-2: Ball
2-2: DOUBLE (Flyball, 8RXD, EV 94.4 MPH)
Franklin Lopez scores
Chuckie Canady to third
Runner from 3rd tries for Home, SAFE, no throw by CF
Pitching: RHP Gordon Gauntlett
Batting: RHB Bradley Baker 0-0: Ball
1-0: Ball
2-0: Ball
3-0: Base on Balls
Batting: LHB Chuck Sandberg 0-0: Foul Ball, location: 2F
0-1: Foul Ball, location: 2F
0-2: Fly out, F9 (Flyball, 9LS, EV 81.9 MPH)
Bottom of the 8th over - 3 runs, 2 hits, 0 errors, 2 left on base; El Paso 5 - El Paso 18
TOP OF THE 9TH
El Paso Chihuahuas batting - Pitching for El Paso Sun Kings : RHP Dave Shipanoff
Batting: LHB Andy Van Slyke 0-0: Ball
1-0: Called Strike
1-1: Swinging Strike
1-2: Ball
2-2: Strikes out swinging
Batting: RHB Julio Acevedo 0-0: Foul Ball, location: 2F
0-1: Ball
1-1: Ball
2-1: Ball
3-1: Base on Balls
Pitching: RHP Kevin Keene
Batting: RHB Bill Lyons 0-0: Ball
1-0: Ball
2-0: Called Strike
2-1: Ball
3-1: Called Strike
3-2: Fly out, F3 (Popup, 3S, EV 68.1 MPH)
Batting: LHB Dan Murphy 0-0: Called Strike
0-1: Ball
1-1: Foul Ball, location: 2F
1-2: Ground out 5-3 (Groundball, 56S, EV 89.4 MPH)
Top of the 9th over - 0 runs, 0 hits, 0 errors, 1 left on base; El Paso 5 - El Paso 18
Monday, August 3rd, 2020 - OOTP Baseball 21.5 Build 76